 Dungeon Crawl Stone Soup version 0.27-a0-1191-g601b473118 (webtiles) character file.

Game seed: 10355393764130102162

14690 tilp the Spear-Bearer (level 12, -7/92 HPs)
             Began as a Barachi Summoner on May 23, 2021.
             Was a High Priest of Okawaru.
             Mangled by a blink frog (12 damage)
             ... on level 3 of the Lair of Beasts.
             The game lasted 00:37:40 (24056 turns).

tilp the Spear-Bearer (Barachi Summoner)           Turns: 24056, Time: 00:37:40

Health: -7/92      AC: 12    Str: 14    XL:     12   Next: 19%
Magic:  10/18      EV: 16    Int: 16    God:    Okawaru [*****.]
Gold:   331        SH:  9    Dex: 19    Spells: 6/19 levels left

rFire    + + .     SeeInvis .   a - +0 trident (freeze)
rCold    + . .     Faith    +   n - +2 buckler {rC+ rF+}
rNeg     . . .     Spirit   .   s - +0 ring mail {rPois}
rPois    +         Reflect  .   (no helmet)
rElec    .         Harm     .   y - scarf {shadows}
rCorr    .         Rampage  .   w - +2 pair of gloves
Will     .....                  i - +2 pair of boots
Stlth    ++++......             M - amulet of faith
HPRegen  0.25/turn              c - ring of protection from fire
MPRegen  0.16/turn              r - +6 ring of dexterity

@: heroic, unable to hop, slow
A: amphibious, slowness 1, strong legs 1, +LOS
a: Hop, Renounce Religion, Heroism, Finesse


You were on level 3 of the Lair of Beasts.
You worshipped Okawaru.
Okawaru was extremely pleased with you.
You visited 3 branches of the dungeon, and saw 15 of its levels.

You collected 771 gold pieces.
You spent 440 gold pieces at shops.

Inventory:

Hand Weapons
 a - a +0 trident of freezing (weapon)
 b - a +1 spear of flaming
 P - a +0 halberd
Missiles
 f - 84 poisoned darts (quivered)
 q - 3 curare-tipped darts
 D - a throwing net
 Q - 3 silver boomerangs
 S - 5 boomerangs
 U - 5 atropa-tipped darts
Armour
 i - a +2 pair of boots (worn)
 n - a +2 buckler of resistance (worn)
 p - a +2 robe of resistance
 s - a +0 ring mail of poison resistance (worn)
 w - a +2 pair of gloves (worn)
 y - a scarf of shadows (worn)
 C - a +2 ring mail of willpower
 G - a +0 cloak
Jewellery
 c - a ring of protection from fire (left hand)
 l - a ring of resist corrosion
 r - a +6 ring of dexterity (right hand)
 J - a ring of see invisible
 K - a ring of magical power
 L - an amulet of the acrobat
 M - an amulet of faith (around neck)
 N - a ring of willpower
Wands
 e - a wand of charming (3)
 z - a wand of digging (3)
 A - a wand of iceblast (13)
 R - a wand of flame (7)
Scrolls
 g - a scroll of teleportation
 j - 3 scrolls of magic mapping
 k - 5 scrolls of enchant weapon
 x - 3 scrolls of amnesia
 F - a scroll of enchant armour
Potions
 d - a potion of might
 h - 4 potions of heal wounds
 m - a potion of berserk rage
 o - a potion of curing
 t - a potion of magic
 u - 2 potions of lignification
 v - 2 potions of mutation
 B - 2 potions of attraction
 E - a potion of ambrosia {unknown}
 H - 4 potions of haste
 I - a potion of flight {unknown}


   Skills:
 - Level 8.0(13.0) Fighting
 - Level 12.0(17.0) Polearms
 - Level 4.0(9.0) Dodging
 - Level 4.0(9.0) Stealth
 - Level 4.0(9.0) Shields
 - Level 4.0 Spellcasting
 - Level 10.0 Summonings
 + Level 7.6 Invocations
 - Level 4.0 Evocations


You had 6 spell levels left.
You knew the following spells:

 Your Spells              Type           Power      Damage    Failure   Level
a - Summon Small Mammal   Summ           100%       N/A       1%          1
b - Call Imp              Summ           35%        N/A       1%          2
c - Call Canine Familiar  Summ           35%        N/A       1%          3
d - Summon Guardian Gole  Hex/Summ       19%        N/A       12%         3
e - Summon Ice Beast      Ice/Summ       19%        N/A       38%         4

Your spell library contained the following spells:

 Spells                   Type           Power      Damage    Failure   Level
 Animate Skeleton         Necr           6%         N/A       32%         1
 Magic Dart               Conj           12%        1d3       32%         1
 Pain                     Necr           12%        1d4       32%         1
 Summon Lightning Spire   Summ/Air       19%        N/A       38%         4
 Blink                    Tloc           N/A        N/A       43%         2
 Searing Ray              Conj           6%         3d3       43%         2
 Slow                     Hex            3%         N/A       43%         2
 Conjure Flame            Conj/Fire      3%         6-21      67%         3
 Dazzling Flash           Conj/Hex       6%         N/A       67%         3
 Mephitic Cloud           Conj/Pois/Air  3%         N/A       67%         3
 Vampiric Draining        Necr           1%         2d6       67%         3
 Animate Dead             Necr           1%         N/A       97%         4
 Fulminant Prism          Conj/Hex       1%         3d6       97%         4
 Iskenderun's Mystic Bla  Conj/Tloc      3%         2d3       97%         4
 Agony                    Necr           3%         N/A       100%        5


Dungeon Overview and Level Annotations

Branches:
Dungeon (11/15)            Temple (1/1) D:4            Lair (3/6) D:11
 Spider (0/4) Lair:2          Orc (0/2) D:10
  Swamp: Lair:2-4    Shoals: Lair:2-4

Altars:
Ashenzari
Cheibriados
Dithmenos
Elyvilon
Fedhas
Gozag
Hepliaklqana
Kikubaaqudgha
Makhleb
Nemelex Xobeh
Okawaru
Qazlal
Ru
Sif Muna
Trog
Uskayaw
Vehumet
Wu Jian
Xom
Yredelemnul
Zin
The Shining One

Shops:
D:8 =*[

Annotations:
D:11 1 runed translucent door, p0werm0de's ghost, journeyman GrFi
Lair:2 Fannar


Innate Abilities, Weirdness & Mutations

You are amphibious.
You cover ground slowly.
You can hop short distances.
You have an extended range of vision and can be seen from far away.


Message History

The blink frog hits your crimson imp.
The blink frog blinks! x2
You block the blink frog's attack. x2; The blink frog blinks!
The blink frog misses you.
The blink frog blinks!
The blink frog hits you but does no damage.
The blink frog blinks!
The blink frog blinks!
The blink frog hits you but does no damage.
The blink frog blinks!
The blink frog misses you. The blink frog hits you!
* * * LOW HITPOINT WARNING * * *
There is a stone staircase leading up, spattered with blood here.
Unknown command.
As you read the scroll labelled ZICZOA WIKLON, it crumbles to dust.
It is a scroll of brand weapon.
Your +0 trident is covered with a thin layer of ice!
a - a +0 trident of freezing (weapon)
The blink frog completely misses you. The blink frog barely misses you.
The blink frog blinks!
The komodo dragon barely misses you. The blink frog barely misses you.
Unknown command.
Unknown command.
Unknown command.
You barely miss the blink frog.
The blink frog is severely wounded.
The blink frog blinks!
The blink frog closely misses you.
The blink frog closely misses your crimson imp.
The blink frog hits you!
* * * LOW HITPOINT WARNING * * *
The blink frog blinks!
Unknown command.
Okay, then.
You puncture the komodo dragon! You freeze the komodo dragon.
The komodo dragon is moderately wounded.
You block the komodo dragon's attack. The blink frog closely misses you.
The blink frog blinks!
Unknown command.
Unknown command.
You hit the komodo dragon. You freeze the komodo dragon.
The komodo dragon is heavily wounded.
The blink frog hits you!
You die...

.#.............
................#
.................
P............PP.
#............P..
#.........F.#
#..........# .. # ##
##....§..##...D
#.#.##..FF5F@.......
...........l§.......
....)..............
###..........§....
##.....F##P.P...
##P##..# ###.#.
####### ##


You could see a five-headed hydra (asleep), a komodo dragon, 5 blink frogs and a
friendly crimson imp (summoned).

Vanquished Creatures
  4 hydras
  A two-headed ogre (D:11)
  Joseph (D:8)
  2 centaur zombies (D:11)
  2 black mambas
  6 cane toads
  A komodo dragon (D:11)
  A troll (D:10)
  A jumping spider (Lair:2)
  A hornet (D:7)
  A meliai zombie (D:10)
  2 redbacks (Lair:2)
  2 wyverns
  11 yaks
  3 vampire mosquitoes
  A basilisk (Lair:2)
  A water moccasin (Lair:1)
  3 black bears
  3 orc warriors
  2 ogres
  4 wolves (Lair:2)
  7 centaurs
  2 kobold brigands
  2 bullfrogs (Lair:2)
  A water moccasin zombie (D:5)
  A wyvern skeleton (D:5)
  3 wights
  3 electric eels (D:10)
  2 howler monkeys
  2 bullfrog zombies (D:6)
  2 orc priests
  An iguana (D:6)
  A bullfrog skeleton (D:6)
  4 orc wizards
  A hound zombie (D:5)
  4 gnolls
  A white imp (D:7)
  12 dart slugs
  24 orcs
  7 ball pythons
  2 bats (D:2)
  An endoplasm (D:3)
  2 giant cockroaches
  3 hobgoblins
  15 kobolds
  5 quokkas
  A frilled lizard (D:3)
  2 goblins
  3 rats (D:2)
167 creatures vanquished.

Vanquished Creatures (collateral kills)
  A death yak (Lair:2)
  Pikel (D:6)
  A komodo dragon (Lair:2)
  Psyche (D:8)
  A cane toad (Lair:2)
  Grinder (D:3)
  2 wraiths
  4 yaks
  A basilisk (D:9)
  A vampire mosquito (D:10)
  3 water moccasins
  An ice beast (D:7)
  A black bear (D:6)
  3 kobold brigands
  3 bullfrogs
  A gnoll sergeant (D:11)
  A bullfrog zombie (D:5)
  5 hounds
  2 bullfrog skeletons (D:5)
  A centaur skeleton (D:5)
  2 iguanas
  3 orc wizards
  A killer bee zombie (D:9)
  7 gnolls
  4 adders
  A white imp (D:5)
  A worm (D:2)
  A dart slug (D:5)
  11 orcs
  2 bats (D:1)
  4 endoplasms
  A giant cockroach (D:4)
  6 goblins
  3 hobgoblins
  2 jackals (D:4)
  10 kobolds
  2 quokkas
  A ball python (D:4)
  3 rats
100 creatures vanquished.

Vanquished Creatures (others)
  A gnoll sergeant (D:8)
  A gnoll (D:8)
  10 fungi (Lair:2)
  21 plants
  2 withered plants (D:6)
35 creatures vanquished.

Grand Total: 302 creatures vanquished

Notes
Turn   | Place    | Note
-------+----------+-------------------------------------------
     0 | D:1      | tilp the Barachi Summoner began the quest for the Orb.
     0 | D:1      | Reached XP level 1. HP: 13/13 MP: 3/3
   185 | D:1      | Reached skill level 1 in Fighting
   237 | D:1      | Reached XP level 2. HP: 18/22 MP: 1/5
  1045 | D:1      | Learned a level 2 spell: Call Imp
  1744 | D:1      | Reached XP level 3. HP: 29/29 MP: 1/6
  2026 | D:2      | Reached skill level 5 in Summonings
  2361 | D:2      | Learned a level 3 spell: Call Canine Familiar
  2797 | D:2      | Reached XP level 4. HP: 28/35 MP: 8/8
  3796 | D:3      | Noticed Grinder
  3826 | D:3      | Killed Grinder
  3827 | D:3      | Reached skill level 2 in Polearms
  3827 | D:3      | Reached XP level 5. HP: 17/41 MP: 2/9
  3827 | D:3      | Reached XP level 6. HP: 20/47 MP: 2/10
  5008 | D:4      | Found a staircase to the Ecumenical Temple.
  5017 | Temple   | Entered the Ecumenical Temple
  5068 | Temple   | Became a worshipper of Warmaster Okawaru
  5244 | D:4      | Noticed a water moccasin
  5269 | D:4      | Killed a water moccasin
  5424 | D:4      | Found a burning altar of Makhleb.
  5428 | D:4      | Found a radiant altar of Vehumet.
  5428 | D:4      | Found a sparkling altar of Nemelex Xobeh.
  5429 | D:4      | Found a basalt altar of Yredelemnul.
  5678 | D:4      | Reached skill level 3 in Polearms
  5826 | D:4      | Reached * piety under Okawaru
  5827 | D:4      | Reached XP level 7. HP: 15/54 MP: 3/11
  6331 | D:5      | Entered Level 5 of the Dungeon
  6782 | D:5      | Reached skill level 4 in Polearms
  6782 | D:5      | Reached skill level 1 in Shields
  7956 | D:6      | Reached XP level 8. HP: 60/60 MP: 3/12
  8048 | D:6      | Reached ** piety under Okawaru
  8104 | D:6      | Reached skill level 1 in Invocations
  8156 | D:6      | Noticed Pikel
  8191 | D:6      | Killed Pikel
  8804 | D:6      | Found an ancient bone altar of Kikubaaqudgha.
  8804 | D:6      | Found a blossoming altar of Fedhas.
  9984 | D:7      | Noticed a hornet
  9999 | D:7      | Killed a hornet
  9999 | D:7      | Reached *** piety under Okawaru
 10000 | D:7      | Reached skill level 5 in Fighting
 10000 | D:7      | Reached XP level 9. HP: 64/68 MP: 1/13
 10148 | D:7      | Reached skill level 5 in Polearms
 10799 | D:7      | Reached skill level 5 in Invocations
 11549 | D:8      | Noticed Psyche
 11549 | D:8      | Noticed a two-headed ogre
 11555 | D:8      | Found Farphuav's Assorted Antiques.
 12017 | D:8      | Noticed Joseph
 12043 | D:8      | Killed Joseph
 12243 | D:8      | Found Fyitoow's Armour Boutique.
 12254 | D:8      | Killed Psyche
 12255 | D:8      | Reached skill level 6 in Polearms
 12373 | D:8      | Found Igittiepo's Jewellery Shoppe.
 13190 | D:9      | Reached **** piety under Okawaru
 13191 | D:9      | Reached XP level 10. HP: 69/76 MP: 13/16
 13528 | D:8      | Bought an amulet of faith for 440 gold pieces
 13573 | D:10     | Entered Level 10 of the Dungeon
 13610 | D:10     | Found a staircase to the Orcish Mines.
 13647 | D:10     | Found an opulent altar of Gozag.
 13771 | D:10     | Reached skill level 7 in Polearms
 13837 | D:10     | Identified the +0 mace "Ibry" {vorpal, rElec rN+ Dex-3
                  | SInv}
 13919 | D:10     | Received a gift from Okawaru
 14444 | D:10     | Reached skill level 8 in Polearms
 15400 | D:10     | Reached skill level 9 in Polearms
 15914 | D:11     | Noticed a six-headed hydra
 15927 | D:11     | Killed a six-headed hydra
 15927 | D:11     | Reached ***** piety under Okawaru
 15928 | D:11     | Reached skill level 10 in Polearms
 16156 | D:11     | Found a staircase to the Lair.
 16391 | D:11     | Noticed a two-headed ogre
 16398 | D:11     | Reached XP level 11. HP: 28/82 MP: 4/17
 16407 | D:11     | Killed a two-headed ogre
 16888 | D:11     | Identified the +2 ring mail of Visasin {Will+} (Okawaru
                  | gifted it to you on level 11 of the Dungeon)
 16888 | D:11     | Received a gift from Okawaru
 17010 | D:11     | Found a runed translucent door.
 17360 | D:11     | Noticed p0werm0de's ghost (journeyman GrFi)
 17549 | D:6      | Found a bloodstained altar of Trog.
 17549 | D:6      | Found a glowing golden altar of the Shining One.
 18581 | Lair:1   | Entered Level 1 of the Lair of Beasts
 18744 | Lair:1   | Learned a level 3 spell: Summon Guardian Golem
 18749 | Lair:1   | Learned a level 4 spell: Summon Ice Beast
 19147 | Lair:1   | Reached skill level 11 in Polearms
 19772 | Lair:1   | Noticed a five-headed hydra
 19790 | Lair:1   | Killed a five-headed hydra
 20565 | Lair:2   | Reached skill level 12 in Polearms
 20645 | Lair:2   | HP: 4/86 [poisoned by a black mamba]
 21928 | Lair:2   | Noticed Fannar
 21971 | Lair:2   | Noticed a five-headed hydra
 22447 | Lair:2   | Found a hole to the Spider Nest.
 22459 | Lair:2   | Reached XP level 12. HP: 79/92 MP: 12/18
 22511 | Lair:2   | Noticed a five-headed hydra
 22533 | Lair:2   | Killed a five-headed hydra
 22648 | Lair:2   | Killed a five-headed hydra
 23159 | Lair:2   | Noticed a death yak
 23159 | Lair:2   | Noticed a death yak
 23170 | Lair:2   | Noticed a death yak
 23170 | Lair:2   | Noticed a death yak
 23178 | Lair:2   | Noticed a death yak
 23182 | Lair:2   | Noticed a death yak
 23389 | Lair:2   | Killed a death yak
 23684 | Lair:2   | Reached skill level 10 in Summonings
 24031 | Lair:3   | Noticed a five-headed hydra
 24056 | Lair:3   | Mangled by a blink frog

Illustrated notes

Levels and vault maps discovered:
D:1:      dpeg_arrival_windows_large_door, layout_basic, serial_curves,
          eino_curves_02, eino_curves_01, minmay_split_cup_small
D:2:      layout_loops_ring, minmay_fractal_squares_gapless_5
D:3:      layout_loops_corners, uniq_grinder
D:4:      layout_loops_ring, grunt_temple_overflow_open,
          minmay_temple_entry_overgrown
D:5:      kennysheep_slugbush, layout_loops_ring
D:6:      layout_basic, grunt_temple_overflow_growth_and_decay,
          nicolae_overflow_hidden_temple, minmay_misc_feat_x, uniq_pikel
D:7:      layout_cave_pools
D:8:      layout_layer_cave, serial_shops, shop, shop, shop_statue, uniq_psyche,
          uniq_joseph
D:9:      layout_small_grid, due_unseen_surprise
D:10:     layout_irregular_city, kennysheep_mini, orc_0_dummy,
          roderic_lattice_a, kennysheep_diamond, minmay_orc_keep
D:11:     layout_irregular_city, david_lair_shrubbed,
          ebering_ghost_reflecting_pool
Temple:   nicolae_temple_god_jail
Lair:1:   layout_hall_layers, grunt_megastairs_4
Lair:2:   layout_layer_cave, spider_nest_entry_a, dpeg_stationary_puzzle,
          grunt_megastairs_2, uniq_fannar
Lair:3:   layout_gridlike, nicolae_swamp_entry_splash_gauntlet

Skill      XL: |  1  2  3  4  5  6  7  8  9 10 11 12 |
---------------+-------------------------------------+-----
Fighting       | 2 3 4 5 6 8 |  8.0
Summonings     | 5 6 8 9 10 | 10.0
Spellcasting   | 3 4 |  4.0
Polearms       | 2 3 4 6 10 12 | 12.0
Stealth        | 2 3 4 |  4.0
Dodging        | 3 4 |  4.0
Shields        | 3 4 |  4.0
Invocations    | 4 6 7 |  7.6
Evocations     | 4 |  4.0

Action                   |  1- 3 |  4- 6 |  7- 9 | 10-12 || total
-------------------------+-------+-------+-------+-------++-------
Melee: Dagger            |    48 |       |       |       ||    48
       Unarmed           |     2 |       |       |       ||     2
       Spear             |    68 |   148 |   349 |       ||   565
       Trident           |       |       |   133 |   703 ||   836
Throw: Dart              |     1 |       |     3 |     6 ||    10
       Throwing net      |       |       |     1 |       ||     1
 Cast: Summon Small Mamm |    26 |     2 |       |       ||    28
       Call Imp          |    16 |    27 |    38 |    59 ||   140
       Call Canine Famil |       |    12 |    51 |    69 ||   132
Invok: Heroism           |       |       |     9 |    29 ||    38
 Abil: Hop               |     1 |     1 |     3 |     7 ||    12
Evoke: Wand              |       |       |     5 |    12 ||    17
  Use: Scroll            |     1 |     6 |    12 |    12 ||    31
       Potion            |       |     1 |     1 |     3 ||     5
 Stab: Distracted        |     2 |     1 |     9 |    15 ||    27
       Sleeping          |     3 |     4 |     2 |       ||     9
Armor: Robe              |    12 |       |       |       ||    12
       Ring mail         |    22 |    39 |   137 |   176 ||   374
Dodge: Dodged            |    67 |    53 |   201 |   297 ||   618
Block: Buckler           |       |       |   125 |   212 ||   337

Table legend: (Time is in decaauts)
 A = Elapsed time spent in this place.
 B = Non-inter-level travel time spent in this place.
 C = Inter-level travel time spent in this place.
 D = Time resting spent in this place.
 E = Time spent auto-exploring this place.
 F = Levels seen in this place.
 G = Mean time per level.
                   A        B        C        D        E       F      G
               +--------+--------+--------+--------+--------+-----+--------+
         Total |  25791 |  23955 |   1836 |   8074 |  12005 |  15 | 1719.4 |
       Dungeon |  20039 |  18455 |   1584 |   5452 |   9810 |  11 | 1821.7 |
        Temple |     71 |     49 |     22 |      0 |     47 |   1 |   71.0 |
          Lair |   5681 |   5452 |    229 |   2622 |   2147 |   3 | 1893.7 |
               +--------+--------+--------+--------+--------+-----+--------+

Top non-repeatable levels by time:
  Lair:2: 3043 daAuts
  Lair:1: 2614 daAuts
     D:6: 2539 daAuts
    D:10: 2425 daAuts
     D:5: 2008 daAuts
     D:1: 1974 daAuts
     D:3: 1963 daAuts
    D:11: 1821 daAuts
     D:4: 1640 daAuts
     D:8: 1606 daAuts
     D:2: 1477 daAuts
     D:7: 1422 daAuts
     D:9: 1160 daAuts
  Temple: 71 daAuts
  Lair:3: 23 daAuts
